 Dungeon Crawl Stone Soup version 0.31.0-11-ge490571c62 (webtiles) character file.

Game seed: 6168662257408237478

105238 magipi the Spear-Bearer (level 15, -1/172 HPs)
             Began as a Vampire Berserker on Jan 28, 2024.
             Was a High Priest of Trog.
             Succumbed to a naga ritualist's toxic radiance
             ... on level 2 of the Lair of Beasts on Jan 29, 2024.
             The game lasted 01:28:09 (25882 turns).

magipi the Spear-Bearer (Vampire Berserker)        Turns: 25882, Time: 01:28:10

Health: -1/172     AC: 24    Str: 23    XL:     15   Next: 94%
Magic:  0/15       EV: 14    Int: 11    God:    Trog [*****.]
Gold:   656        SH: 10    Dex: 16    Spells: 14/14 levels left

rFire   + + .        b - +2 trident (heavy)
rCold   . . .        I - +0 kite shield
rNeg    . . .        P - +3 plate armour {rF+}
rPois   .            d - +0 helmet
rElec   +            m - +1 cloak
rCorr   .            M - +1 pair of gloves
SInv    +            X - +0 pair of boots
Will    +....        r - amulet "Siythoumue" {Faith rElec rF+ Str+3} Stlth
                     v - +5 ring of evasion
HPRegen 0.68/turn    p - ring of poison resistance
MPRegen 0.14/turn

%: faith
@: berserking (expiring), lethally poisoned (-1 -> -21), poison vulnerable,
healing quickly, very quick
A: alive, fangs 3, see invisible, vampiric 2
a: Exsanguinate, Renounce Religion, Berserk, Trog's Hand, Brothers in Arms


You were on level 2 of the Lair of Beasts.
You worshipped Trog.
Trog was extremely pleased with you.
You visited 4 branches of the dungeon, and saw 23 of its levels.
You also visited: Gauntlet.

You collected 2891 gold pieces.
You spent 2235 gold pieces at shops.

Inventory:

Hand Weapons
 a - a +7 antimagic glaive
 b - a +2 heavy trident (weapon)
Missiles
 k - 18 boomerangs (quivered)
 u - 3 throwing nets
 A - an atropa-tipped dart
 J - 2 javelins
 O - 8 silver javelins
Armour
 d - a +0 helmet (worn)
 m - a +1 cloak (worn)
 I - a +0 kite shield (worn)
 M - a +1 pair of gloves (worn)
 P - a +3 plate armour of fire resistance (worn)
 X - a +0 pair of boots (worn)
Jewellery
 c - a ring of protection from cold
 o - a ring of resist corrosion
 p - a ring of poison resistance (right hand)
 r - the amulet "Siythoumue" (around neck) {Faith rElec rF+ Str+3}
   (You found it in a Gauntlet)

   [amulet of faith]

   Faith:     It allows you to gain divine favour quickly.
   Str+3:     It affects your strength (+3).
   rF+:       It protects you from fire.
   rElec:     It insulates you from electricity.
 v - a +5 ring of evasion (left hand)
Wands
 s - a wand of quicksilver (2)
 t - a wand of mindburst (17)
 y - a wand of digging (10)
 K - a wand of charming (17)
 T - a wand of flame (7)
Scrolls
 g - 2 scrolls of poison
 j - a scroll of identify
 C - 5 scrolls of revelation
 E - 4 scrolls of noise
 F - 5 scrolls of fear
 G - 9 scrolls of teleportation
 L - a scroll of brand weapon
 N - a scroll of enchant armour
 V - 2 scrolls of blinking
 W - 7 scrolls of summoning
Potions
 e - a potion of might
 f - a potion of curing
 h - 2 potions of resistance
 l - a potion of heal wounds
 n - a potion of magic
 q - a potion of invisibility
 w - a potion of haste
 x - 5 potions of lignification
 z - a potion of attraction
 B - 4 potions of berserk rage
 D - 4 potions of mutation
 H - 3 potions of enlightenment
 U - 2 potions of ambrosia
Miscellaneous
 Q - a phial of floods
 R - a sack of spiders
 S - a tin of tremorstones (inert)
 Z - a lightning rod (4/4)


   Skills:
 - Level 10.0 Fighting
 - Level 14.0 Polearms
 - Level 12.0 Throwing
 - Level 9.3 Armour
 - Level 8.4 Dodging
 * Level 6.9 Shields
 - Level 10.0 Evocations


You had 14 spell levels left.
You didn't know any spells.
Your spell library was empty.

Dungeon Overview and Level Annotations

Branches:
Dungeon (15/15)            Temple (0/1) D:6            Lair (5/5) D:11
 Shoals (0/4) Lair:2        Snake (1/4) Lair:2        Slime (0/5) Lair:5
    Orc (2/2) D:12            Elf (0/3) Orc:2        Vaults (0/5) D:14
 Depths (0/4) D:15        Gauntlet (visited)

Altars:
Ashenzari
Cheibriados
Hepliaklqana
Makhleb
Ru
Sif Muna
Uskayaw
Xom
Jiyva

Shops:
D:3 *   Orc:1 (   Orc:2 *?=*

Portals:
Hell: Lair:5

Annotations:
D:8 3 runed translucent doors, Nonseq's ghost, novice TrWr; Tuss's ghost, novice HuFi; shadizar's ghost, journeyman DjHW
D:10 1 runed translucent door, decrepitude's ghost, novice DrSh


Innate Abilities, Weirdness & Mutations

Your natural rate of healing is accelerated.
You have razor-sharp teeth.
You have supernaturally acute eyesight. (SInv)
You are afflicted with vampirism and can become a bat while bloodless.


Message History

Unknown command.
You impale the naga ritualist!!
The naga ritualist is severely wounded.
* * * LOW HITPOINT WARNING * * *
You feel extremely sick.
* * * LOW HITPOINT WARNING * * *
You are more poisoned.
The naga ritualist closely misses you. The naga ritualist constricts you.
Unknown command.
You impale the naga ritualist!!
You kill the naga ritualist!
Trog accepts your kill.
* * * LOW HITPOINT WARNING * * *
You feel extremely sick.
The mana viper bites you but does no damage.
Unknown command.
You impale the mana viper!!
The mana viper is heavily wounded.
* * * LOW HITPOINT WARNING * * *
You feel very sick. You block the mana viper's attack.
You barely miss the mana viper.
The mana viper is heavily wounded.
* * * LOW HITPOINT WARNING * * *
You feel very sick. The mana viper barely misses you.
You puncture the mana viper!
The mana viper is heavily wounded.
* * * LOW HITPOINT WARNING * * *
You feel very sick.
The mana viper bites you but does no damage.
You miss the mana viper. You bite the mana viper!
The mana viper is severely wounded.
* * * LOW HITPOINT WARNING * * *
You feel very sick. The mana viper bites you.
* * * LOW HITPOINT WARNING * * *
You barely miss the mana viper. You bite the mana viper!
The mana viper is almost dead.
You die...

.................................
#.##..#.####......####.####.#P#P.
.##.#.#...##......##P..##.#.####.
.................................
#.............P.#####...##..#.#..
##............#^##..#.##....#.##.
.................................
..##PP.#P.......S....###PP.......
...............†@)...............
................##..#.#.#...P##PP
.................................
#P...P..P.....##.#...#.....##..P#
.................................
.#P###.###P#.#...####..#.........
P#####..#####.P.###...#..........
................<................
......#.#P.P.....#.#........####.


You could see a mana viper.

Vanquished Creatures
  A dire elephant (Lair:5)
  A vault guard (D:14)
  A hell beast (Lair:5)
  10 hydras
  An ogre mage (D:15)
  3 catoblepae
  13 centaur warriors
  6 boulder beetles
  8 two-headed ogres
  3 orc high priests (Orc:2)
  An occultist (Lair:5)
  4 skysharks
  A fire crab (Gauntlet)
  A naga ritualist (Lair:2)
  2 mana vipers (Lair:2)
  A harpy (shapeshifter) (D:14)
  6 orc knights
  A deep elf pyromancer (D:13)
  2 manticores
  4 orc sorcerers (Orc:2)
  5 cyclopes
  Maurice (D:8)
  13 ugly things
  4 elephants (Lair:5)
  3 kobold blastminers (Orc:2)
  Joseph (D:8)
  8 black mambas
  15 cane toads
  An orange demon (Lair:5)
  10 gargoyles
  A torpor snail (Lair:2)
  A molten gargoyle (D:12)
  2 efreet
  4 rime drakes
  2 unseen horrors (D:13)
  A kobold demonologist (D:13)
  3 freezing wraiths
  7 komodo dragons
  Maggie (D:8)
  A red devil (Lair:5)
  An ice devil (Lair:5)
  A hellwing (Lair:5)
  8 trolls
  A raiju (Gauntlet)
  4 polar bears
  A hornet (D:8)
  20 blink frogs
  7 dream sheep
  A centaur simulacrum (D:13)
  14 slime creatures
  A vampire (D:9)
  A water elemental (D:11)
  2 shadows
  3 wraiths
  5 wyverns
  54 yaks
  3 wargs
  3 fire bats (Gauntlet)
  Eustachio (D:4)
  A golden eye (shapeshifter) (D:15)
  6 basilisks
  3 steam dragons
  15 vampire mosquitoes
  18 water moccasins
  An acid dragon (D:11)
  5 hell hounds (Lair:5)
  2 black bears
  13 orc warriors
  2 ice beasts
  4 laughing skulls
  6 centaurs
  5 ogres
  23 wolves
  A phantom (D:4)
  A weeping skull (Gauntlet)
  3 kobold brigands
  10 bullfrogs
  A gnoll sergeant (D:8)
  3 scorpions
  7 killer bees
  7 howler monkeys
  3 electric eels
  2 bombardier beetles
  A jelly (D:5)
  A gnoll bouda (D:10)
  17 orc priests
  Crazy Yiuf (D:2)
  4 hounds
  Terence (D:2)
  2 iguanas
  23 orc wizards
  8 adders
  12 gnolls
  2 shadow imps
  A white imp (D:7)
  4 dart slugs
  7 ribbon worms
  45 orcs
  3 bats
  3 endoplasms
  4 giant cockroaches
  5 goblins
  7 hobgoblins
  2 jackals (D:5)
  4 quokkas
  3 ball pythons
  A frilled lizard (D:2)
  15 kobolds
  6 rats
609 creatures vanquished.

Vanquished Creatures (collateral kills)
  Jorgrun (Orc:1)
  A dire elephant (D:15)
  A minotaur (Gauntlet)
  A great orb of eyes (D:15)
  A hydra (D:15)
  An orc knight (Orc:1)
  A necromancer (D:13)
  A salamander (D:15)
  A kobold blastminer (Orc:1)
  An orange demon (Lair:5)
  An ice devil (Lair:5)
  2 orc warriors (Orc:1)
  3 orcs (Orc:1)
16 creatures vanquished.

Vanquished Creatures (others)
  An orc wizard (D:6)
1 creature vanquished.

Grand Total: 626 creatures vanquished

Notes
Turn   | Place    | Note
-------+----------+-------------------------------------------
     0 | D:1      | magipi the Vampire Berserker began the quest for the Orb.
     0 | D:1      | Reached XP level 1. HP: 17/17 MP: 1/1
   371 | D:1      | Reached XP level 2. HP: 23/23 MP: 2/2
   420 | D:1      | Reached skill level 3 in Polearms
   949 | D:2      | Noticed Terence
   975 | D:2      | Killed Terence
   976 | D:2      | Gained mutation: You are afflicted with vampirism and can
                  | become a bat while bloodless. [Vampire growth]
   976 | D:2      | Reached XP level 3. HP: 25/29 MP: 3/3
  1166 | D:2      | Reached XP level 4. HP: 35/35 MP: 4/4
  1250 | D:2      | Reached ** piety under Trog
  1355 | D:2      | Found a runed translucent door.
  1356 | D:2      | Noticed Crazy Yiuf
  1364 | D:2      | Killed Crazy Yiuf
  1367 | D:2      | Identified the +2 hammer "Muorch" {holy, SInv}
  1657 | D:3      | Noticed a kobold brigand
  1706 | D:3      | Killed a kobold brigand
  1707 | D:3      | Reached skill level 4 in Polearms
  1707 | D:3      | Reached XP level 5. HP: 26/41 MP: 5/5
  1820 | D:3      | Found Zoup's General Store.
  1825 | D:3      | Bought a +0 pair of gloves for 58 gold pieces
  1825 | D:3      | Bought a scroll of fear for 52 gold pieces
  1825 | D:3      | Bought a scroll of identify for 26 gold pieces
  2241 | D:3      | Found a burning altar of Makhleb.
  2316 | D:4      | Noticed a centaur
  2341 | D:4      | Killed a centaur
  2342 | D:4      | Reached XP level 6. HP: 42/48 MP: 6/6
  2851 | D:4      | Reached skill level 5 in Polearms
  2851 | D:4      | Reached XP level 7. HP: 42/54 MP: 7/7
  3107 | D:4      | Identified the +9 short sword "Vueclaetul" {pain, rElec}
  3309 | D:5      | Entered Level 5 of the Dungeon
  3570 | D:5      | Reached skill level 6 in Polearms
  3577 | D:5      | Reached skill level 5 in Dodging
  3674 | D:5      | Reached XP level 8. HP: 55/60 MP: 8/8
  3808 | D:5      | Noticed Eustachio
  3884 | D:4      | Killed Eustachio
  4185 | D:6      | Found a staircase to the Ecumenical Temple.
  4325 | D:6      | Found a shimmering altar of Xom.
  4391 | D:6      | Reached skill level 7 in Polearms
  4391 | D:6      | Reached skill level 1 in Evocations
  4410 | D:6      | Reached skill level 1 in Throwing
  4545 | D:6      | Reached *** piety under Trog
  5262 | D:6      | Reached XP level 9. HP: 49/65 MP: 9/9
  5839 | D:7      | Reached skill level 8 in Polearms
  5839 | D:7      | Reached skill level 5 in Armour
  5988 | D:8      | Noticed Maggie
  6591 | D:8      | Found a runed translucent gate.
  6591 | D:8      | Found a runed translucent gate.
  6591 | D:8      | Found a runed translucent gate.
  6595 | D:8      | Noticed Tuss's ghost (novice HuFi)
  6595 | D:8      | Noticed shadizar's ghost (journeyman DjHW)
  6595 | D:8      | Noticed Nonseq's ghost (novice TrWr)
  6628 | D:8      | Killed Maggie
  6629 | D:8      | Reached skill level 9 in Polearms
  6837 | D:8      | Identified the +3 leather armour of Curiosity {Will+}
  6837 | D:8      | Noticed Joseph
  6851 | D:8      | Killed Joseph
  6852 | D:8      | Reached XP level 10. HP: 71/71 MP: 10/10
  6901 | D:8      | Noticed Maurice
  6914 | D:8      | Killed Maurice
  7606 | D:9      | Reached **** piety under Trog
  7707 | D:8      | Reached skill level 10 in Polearms
  7747 | D:9      | Found a hazy altar of Hepliaklqana.
  7747 | D:9      | Found a sacrificial altar of Ru.
  7794 | D:9      | Found a snail-covered altar of Cheibriados.
  7795 | D:9      | Found a broken altar of Ashenzari.
  7881 | D:9      | Found a hide-covered altar of Uskayaw.
  7925 | D:9      | Reached skill level 5 in Evocations
  8377 | D:10     | Entered Level 10 of the Dungeon
  8536 | D:10     | Noticed a two-headed ogre
  8541 | D:10     | Killed a two-headed ogre
  8542 | D:10     | Reached skill level 5 in Throwing
  8542 | D:10     | Reached XP level 11. HP: 77/77 MP: 11/11
  9163 | D:10     | Found a runed translucent door.
  9166 | D:10     | Noticed decrepitude's ghost (novice DrSh)
  9166 | D:10     | Noticed a spriggan rider
  9166 | D:10     | Identified the +3 spear "Jebaid" {flame, MP-9 Int+2 Dex+5
                  | SInv}
  9262 | D:11     | Noticed a two-headed ogre
  9272 | D:11     | Killed a two-headed ogre
  9273 | D:11     | Reached skill level 11 in Polearms
  9327 | D:11     | Found a staircase to the Lair.
  9543 | D:11     | Noticed a two-headed ogre
  9550 | D:11     | Killed a two-headed ogre
  9906 | D:11     | Noticed a green ugly thing
  9916 | D:11     | Killed a green ugly thing
 10572 | D:11     | Reached ***** piety under Trog
 10657 | D:12     | Reached skill level 12 in Polearms
 10657 | D:12     | Reached XP level 12. HP: 83/83 MP: 12/12
 10960 | D:12     | Found a staircase to the Orcish Mines.
 11318 | Lair:1   | Entered Level 1 of the Lair of Beasts
 11669 | Lair:1   | Reached skill level 13 in Polearms
 11763 | Lair:1   | Found a gate leading to a gauntlet.
 11786 | Gauntlet | Entered a Gauntlet
 11786 | Gauntlet | Found a transporter.
 11786 | Gauntlet | Found a transporter.
 11803 | Gauntlet | Found a transporter.
 11807 | Gauntlet | Found a transporter.
 11817 | Gauntlet | Found a transporter.
 11821 | Gauntlet | Found a transporter.
 11831 | Gauntlet | Found a transporter.
 11852 | Gauntlet | Found a transporter.
 11870 | Gauntlet | Found a transporter.
 11874 | Gauntlet | Found a transporter.
 11884 | Gauntlet | Found a transporter.
 11888 | Gauntlet | Found a transporter.
 12056 | Gauntlet | Identified the +1 pair of gloves of Fedhas's Esteem {Harm
                  | rF+ rN+}
 12088 | Gauntlet | Identified the amulet "Siythoumue" {Faith rElec rF+ Str+3}
 12174 | Gauntlet | Noticed a minotaur
 12181 | Gauntlet | Killed a minotaur
 12340 | Lair:1   | Received a gift from Trog
 12693 | Lair:1   | Reached XP level 13. HP: 69/88 MP: 4/13
 12985 | Lair:2   | Found a staircase to the Shoals.
 13017 | Lair:2   | Found a staircase to the Snake Pit.
 13495 | Lair:3   | Reached skill level 14 in Polearms
 15591 | Lair:4   | Reached skill level 10 in Evocations
 16006 | Lair:5   | Entered Level 5 of the Lair of Beasts
 16255 | Lair:4   | Reached skill level 10 in Throwing
 16520 | Lair:5   | Reached XP level 14. HP: 59/95 MP: 6/14
 16795 | Lair:5   | Found a staircase to the Slime Pits.
 16796 | Lair:5   | Found a viscous altar of Jiyva.
 16914 | Lair:5   | Received a gift from Trog
 18149 | Lair:5   | Found a burning altar of Makhleb.
 18232 | Lair:5   | Reached skill level 5 in Fighting
 18354 | Lair:5   | Found a gateway to Hell.
 18537 | Orc:1    | Entered Level 1 of the Orcish Mines
 18571 | Orc:1    | Noticed Jorgrun
 18579 | Orc:1    | Killed Jorgrun
 18676 | Orc:1    | Found Zaisueto's Firing Range.
 18831 | Orc:1    | Bought a throwing net for 42 gold pieces
 19086 | Orc:2    | Entered Level 2 of the Orcish Mines
 19580 | Orc:2    | Found a shimmering blue altar of Sif Muna.
 19699 | Orc:2    | Found a staircase to the Elven Halls.
 19908 | Orc:2    | Received a gift from Trog
 20775 | Orc:2    | Found Efevyatigu's Assorted Antiques.
 20775 | Orc:2    | Found Tauguf's Jewellery Shoppe.
 20776 | Orc:2    | Found Zoybryoh's Magic Scroll Boutique.
 20776 | Orc:2    | Found Lumpiost's Assorted Antiques.
 20790 | Orc:2    | Bought a scroll of teleportation for 90 gold pieces
 20790 | Orc:2    | Bought a wand of digging (7) for 882 gold pieces
 20790 | Orc:2    | Bought a gold wand for 120 gold pieces
 20790 | Orc:2    | Bought a bubbling yellow potion for 27 gold pieces
 20802 | Orc:2    | Bought a scroll of blinking for 97 gold pieces
 20802 | Orc:2    | Bought a scroll of identify for 26 gold pieces
 20802 | Orc:2    | Bought a scroll of identify for 26 gold pieces
 20802 | Orc:2    | Bought a scroll of identify for 26 gold pieces
 20802 | Orc:2    | Bought a scroll of revelation for 97 gold pieces
 20802 | Orc:2    | Bought a scroll of fear for 52 gold pieces
 20802 | Orc:2    | Bought a scroll of fear for 52 gold pieces
 20802 | Orc:2    | Bought a scroll of amnesia for 52 gold pieces
 20806 | Orc:2    | Bought a pair of boots for 153 gold pieces
 20818 | Orc:2    | Bought a scroll of teleportation for 102 gold pieces
 20818 | Orc:2    | Bought a scroll of teleportation for 102 gold pieces
 21326 | D:13     | Reached XP level 15. HP: 50/115 MP: 5/15
 21775 | D:13     | You fall into a shaft and drop 2 floors!
 21775 | D:15     | Entered Level 15 of the Dungeon
 21918 | D:15     | Reached skill level 10 in Fighting
 21955 | D:14     | Found a snail-covered altar of Cheibriados.
 22430 | D:13     | Reached ****** piety under Trog
 23353 | D:14     | Received a gift from Trog
 23605 | D:14     | Found the amulet of the Air {Inacc Air Fly rElec RMsl}
 23682 | D:14     | Found a gate to the Vaults.
 23933 | D:14     | Found a sacrificial altar of Ru.
 24246 | Orc:2    | Bought a kite shield for 153 gold pieces
 24704 | D:15     | Reached skill level 1 in Shields
 25042 | D:15     | Reached skill level 5 in Shields
 25140 | D:15     | Found a staircase to the Depths.
 25769 | Snake:1  | Entered Level 1 of the Snake Pit
 25881 | Lair:2   | HP: 8/172 [poisoned by a naga ritualist (toxic radiance)]
 25881 | Lair:2   | HP: 2/172 [mana viper[a naga ritualist] (6)]
 25882 | Lair:2   | Succumbed to a naga ritualist's toxic radiance

Illustrated notes

Levels and vault maps discovered:
D:1:      erik_arrival_orb_chamber, layout_basic, corexii_hall_statues_i,
          minmay_misc_feat_roman
D:2:      layout_rooms, uniq_terence, uniq_crazy_yiuf_cottage
D:3:      cheibrodos_old_hovel, layout_loops_ring, lightli_temple_of_fire,
          serial_shops, shop
D:4:      layout_basic
D:5:      layout_basic, uniq_eustachio
D:6:      layout_basic, overflow_temple_1_default, mainiacjoe_overflow_paths,
          minmay_temple_entry_mini_moons, chequers_serial_rivers_large_b
D:7:      layout_layer_cave, small_statue_intersection
D:8:      layout_cave_pods, serial_park, serial_park_fountain,
          serial_park_gazebo [serial_park_minivault_5x5_6], serial_park_tiny_1,
          serial_park_square1 [serial_park_minivault_5x5_5],
          gammafunk_ghost_cemetery, kennysheep_nondescript, uniq_joseph,
          uniq_maggie, uniq_maurice
D:9:      layout_cave_pools, mainiacjoe_overflow_divided_tiny,
          amethyst_overflow_temple_binary, mainiacjoe_overflow_alcove_4,
          grunt_tough_drop
D:10:     layout_roguey, ebering_ghost_funeral_grove, serial_glass,
          glass_columns_a, glass_columns_b, glass_columns_c, glass_columns_a,
          glass_columns_b, glass_columns_c, glass_columns_b, glass_columns_c,
          glass_columns_a, glass_columns_b, glass_columns_a, glass_columns_c,
          glass_columns_c, glass_columns_a
D:11:     layout_basic, minmay_lair_entry_grove
D:12:     gargoyle_guard, layout_loops_cross, orc_0_dummy
D:13:     kennysheep_windowed_halls, layout_long_grid
D:14:     layout_cross, david_vaults_5, nicolae_ru_the_path_less_chosen,
          slow_altar_2
D:15:     hangedman_depths_entry_try_elsewhere_first, layout_stronghold,
          minmay_misc_feat_pillars, minmay_misc_feat_secret_circle
Lair:1:   layout_misc_corridors, gauntlet_entry_generic
Lair:2:   layout_long_grid, shoals_dummy_entry, dummy_snake_entry
Lair:3:   layout_layer_cave, serial_bayou_shore_a
Lair:4:   layout_regular_city, lemuel_fruit_fields, lemuel_fruit_tree,
          infiniplex_staircase_pool
Lair:5:   evil_forest, layout_long_grid, slime_entry_1, grunt_megastairs_1
Snake:1:  nicolae_snake_shooting_gallery, layout_misc_corridors,
          guppyfry_snake_island
Orc:1:    layout_caves, nicolae_shop_firing_range, uniq_jorgrun
Orc:2:    st_orc_elflike, layout_diamond_mine, led_sif_book

Skill      XL: |  1  2  3  4  5  6  7  8  9 10 11 12 13 14 15 |
---------------+----------------------------------------------+-----
Polearms       | 3 4 5 6 7 9 10 12 13 14 | 14.0
Fighting       | 3 4 9 10 | 10.0
Armour         | 2 3 4 5 6 7 8 9 |  9.3
Dodging        | 3 4 5 8 |  8.4
Evocations     | 2 4 5 6 8 10 | 10.0
Throwing       | 1 3 5 6 7 10 12 | 12.0
Shields        | 6 |  6.9

Action                     |  1- 3 |  4- 6 |  7- 9 | 10-12 | 13-15 || total
---------------------------+-------+-------+-------+-------+-------++-------
  Melee: Spear             |    98 |   225 |    65 |  1020 |   392 ||  1800
         Bite              |     9 |    25 |    56 |   158 |   241 ||   489
         Punch             |     2 |     3 |     6 |    11 |     8 ||    30
         Trident           |       |       |   434 |   127 |   565 ||  1126
         Glaive            |       |       |       |    33 |   693 ||   726
  Throw: Boomerang         |       |       |     3 |     7 |    22 ||    32
 Invoke: Berserk           |     1 |     3 |     3 |     6 |    12 ||    25
         Brothers in Arms  |       |       |       |     1 |     3 ||     4
         Trog's Hand       |       |       |       |       |     4 ||     4
  Evoke: Wand              |       |       |     9 |    23 |    44 ||    76
         Tin of tremorston |       |       |       |       |     3 ||     3
         Sack of spiders   |       |       |       |       |     1 ||     1
    Use: Scroll            |       |     8 |     2 |    11 |     9 ||    30
         Potion            |       |       |       |     4 |    12 ||    16
   Stab: Distracted        |       |       |       |     1 |       ||     1
         Petrified         |       |       |       |       |     4 ||     4
 Armour: Scale mail        |     8 |       |       |       |       ||     8
         Animal skin       |     2 |       |       |       |       ||     2
         Chain mail        |    32 |   102 |   253 |   220 |       ||   607
         Acid dragon scale |       |       |       |   200 |       ||   200
         Plate armour      |       |       |       |    30 |  1294 ||  1324
  Dodge: Dodged            |    42 |   138 |   329 |   564 |   990 ||  2063
  Block: Kite shield       |       |       |       |       |    89 ||    89
